 Dungeon Sprint DCSS version 0.22-a0-422-g9628fc87f1 (webtiles) character file.

134 Ebeneezer the Carver (level 4, -2/40 HPs)
             Began as a Deep Dwarf Fighter on May 21, 2018.
             Was an Initiate of Makhleb.
             Slain by a hornet (11 damage)
             ... in the Dungeon (Sprint IX: "|||||||||||||||||||||||||||||").
             The game lasted 00:00:50 (172 turns).

Ebeneezer the Carver (Deep Dwarf Fighter)            Turns: 172, Time: 00:00:51

Health: -2/40      AC: 12    Str: 24    XL:     4   Next: 95%
Magic:  4/4        EV:  8    Int:  8    God:    Makhleb [......]
Gold:   0          SH:  9    Dex: 12    Spells: 3/3 levels left

rFire    . . .     SeeInvis .   p - +2 scimitar (holy)
rCold    . . .     Gourm    .   c - +0 shield
rNeg     . . .     Faith    .   s - +2 ring mail
rPois    .         Spirit   .   (no helmet)
rElec    .         Reflect  .   q - +0 cloak
rCorr    .         Harm     .   r - +0 pair of gloves
MR       .....     NoTele   +   (no boots)
Stlth    +.........             (no amulet)
HPRegen  0.00/turn              t - +2 ring of protection
MPRegen  0.09/turn              u - +3 ring of strength

@: lethally poisoned (-2 -> -5), non-regenerating, slowed, very slow
A: damage resistance, heal wounds, sense surroundings 1, no regeneration
a: Heal Wounds, Renounce Religion


You were in the Dungeon.
You worshipped Makhleb.
Makhleb was noncommittal.
You were not hungry.

You visited 1 branch

Inventory:

Hand Weapons
 a - a +0 long sword
 p - a +2 scimitar of holy wrath (weapon)
Armour
 b - a +0 scale mail
 c - a +0 shield (worn)
 q - a +0 cloak (worn)
 r - a +0 pair of gloves (worn)
 s - a +2 ring mail (worn)
Jewellery
 t - a +2 ring of protection (left hand)
 u - a +3 ring of strength (right hand)
Wands
 o - a wand of iceblast (10)
Scrolls
 k - 2 scrolls of blinking
 m - 3 scrolls of remove curse
 n - 2 scrolls of amnesia
Potions
 d - a potion of might
 e - 5 potions of curing
 g - 3 potions of heal wounds
 h - a potion of haste
 i - 4 potions of magic
 j - a potion of berserk rage
 l - a potion of invisibility
Comestibles
 f - a ration


   Skills:
 + Level 2.6 Fighting
 + Level 10.0 Long Blades
 + Level 3.2 Armour
 + Level 3.2 Shields


You had 3 spell levels left.
You didn't know any spells.
Your spell library was empty.

Dungeon Overview and Level Annotations

Branches:
Dungeon (1/1)

Altars:
Cheibriados
Dithmenos
Elyvilon
Fedhas
Gozag
Hepliaklqana
Kikubaaqudgha
Makhleb
Nemelex Xobeh
Okawaru
Qazlal
Ru
Sif Muna
Trog
Uskayaw
Vehumet
Wu Jian
Xom
Yredelemnul
Zin
The Shining One
Beogh
Jiyva
Lugonu


Innate Abilities, Weirdness & Mutations

You are resistant to damage.
You can heal yourself by infusing magical energy.
You passively map a small area around you.
You do not regenerate.


Message History

The hornet is lightly wounded.
The hornet stings you.
You are more poisoned.
You feel as though you will be slow longer.
The hornet barely misses you.
Your shield prevents you from hitting the hornet.
The hornet is lightly wounded.
You block the hornet's attack. The hornet closely misses you.
You barely miss the hornet.
The hornet is lightly wounded.
The hornet stings you.
You are more poisoned.
You feel as though you will be slow longer.
The hornet stings you but does no damage.
You miss the hornet.
The hornet is lightly wounded.
You feel very sick.
The hornet stings you but does no damage.
The hornet stings you!
You die...

* * ** * * , , , , * *
***** * ,+ , , ,,,,, ,
*** ** *** , , , ,, , ,,
, ,
▓▓▓▓▓▓▓▓▓▓▓▓▓▓▓▓▓▓▓▓▓▓▓▓
+ ,
..o5KOy@....)|..'_______
▓▓▓▓▓▓▓▓▓▓▓▓▓▓▓▓▓▓▓▓▓▓▓▓


You could see a hornet, a big kobold, an ogre, an orc wizard and a crimson imp.

Vanquished Creatures
  An ice beast (D)
  A crimson imp (D)
  A worm (D)
  A leopard gecko (D)
  3 bats (D)
  A bat skeleton (D)
  A goblin (D)
  A kobold (D)
10 creatures vanquished.

Notes
Turn   | Place    | Note
-------+----------+-------------------------------------------
     0 | D        | Ebeneezer the Deep Dwarf Fighter began the quest for the Orb.
     0 | D        | Reached XP level 1. HP: 20/20 MP: 1/1
     7 | D        | Reached skill level 3 in Long Blades
     9 | D        | Reached skill level 4 in Long Blades
    14 | D        | Noticed a crimson imp
    14 | D        | Noticed an ice beast
    20 | D        | Reached XP level 2. HP: 24/27 MP: 2/2
    40 | D        | Killed an ice beast
    40 | D        | Reached skill level 9 in Long Blades
    40 | D        | Reached XP level 3. HP: 12/33 MP: 3/3
    40 | D        | Reached XP level 4. HP: 15/40 MP: 4/4
    87 | D        | Reached skill level 10 in Long Blades
    94 | D        | Found a roughly hewn altar of Beogh.
    94 | D        | Found a snail-covered altar of Cheibriados.
    94 | D        | Found a shadowy altar of Dithmenos.
    94 | D        | Found a white marble altar of Elyvilon.
    94 | D        | Found a blossoming altar of Fedhas.
    94 | D        | Found an opulent altar of Gozag.
    95 | D        | Found a hazy altar of Hepliaklqana.
    96 | D        | Found a viscous altar of Jiyva.
    97 | D        | Found an ancient bone altar of Kikubaaqudgha.
    98 | D        | Found a corrupted altar of Lugonu.
    99 | D        | Found a burning altar of Makhleb.
   100 | D        | Found a sparkling altar of Nemelex Xobeh.
   101 | D        | Found an iron altar of Okawaru.
   102 | D        | Found a stormy altar of Qazlal.
   103 | D        | Found a sacrificial altar of Ru.
   104 | D        | Found a deep blue altar of Sif Muna.
   105 | D        | Found a bloodstained altar of Trog.
   106 | D        | Found a hide-covered altar of Uskayaw.
   107 | D        | Became a worshipper of Makhleb the Destroyer
   108 | D        | Found a radiant altar of Vehumet.
   109 | D        | Found an ornate altar of the Wu Jian Council.
   110 | D        | Found a shimmering altar of Xom.
   111 | D        | Found a basalt altar of Yredelemnul.
   112 | D        | Found a glowing silver altar of Zin.
   113 | D        | Found a glowing golden altar of the Shining One.
   167 | D        | Noticed a big kobold
   167 | D        | Noticed an ogre
   167 | D        | Noticed a hornet
   172 | D        | Slain by a hornet

Vault maps used:
D:        linesprint

Skill      XL: |  1  2  3  4 |
---------------+-------------+-----
Long Blades    | 4 9 10 | 10.0
Fighting       | |  2.6
Armour         | |  3.2
Shields        | |  3.2

Action                   |  1- 3 |  4- 6 || total
-------------------------+-------+-------++-------
Melee: Long sword        |    30 |    25 ||    55
       Scimitar          |       |     5 ||     5
 Abil: Heal Wounds       |       |     1 ||     1
Armor: Scale mail        |    13 |     8 ||    21
       Ring mail         |       |     2 ||     2
Dodge: Dodged            |    14 |     8 ||    22
Block: Shield            |    18 |     7 ||    25
       Rpst.: Long sword |     6 |     3 ||     9
       Scimitar          |       |     1 ||     1

Table legend:
 A = Spawn XP
 B = Non-spawn XP
 C = Spawn XP percentage of total XP
 D = Spawn monster count
 E = Non-spawn monster count
 F = Spawn count percentage of total count
 G = Total turns spent on level
                    A         B        C        D         E        F      G
               +---------+---------+-------+---------+---------+-------+---------
         Total |       0 |     192 |   0.0 |       0 |      10 |   0.0 |   172
               +---------+---------+-------+---------+---------+-------+---------
             D |       0 |     192 |   0.0 |       0 |      10 |   0.0 |   172
               +---------+---------+-------+---------+---------+-------+---------
